cohdb
Replays
Latest Replays
All Replays
Popular Replays
Top Player Replays
Match Explorer
How It Works
Community
CoH3 Stats
Reddit
Sign in to upload your games and track your stats! →
Sign in with Steam
Match 40793141
Unlisted
Match 40793141
Overview
Messages
Build Orders
End
Vickers Machine Gun Team
Construct Section Command Post
Infantry Section
ML 3-inch Mortar Team
Infantry Section
Selects Heavy Armor Battlegroup
Selects Rigorous Vehicle Training
Dingo Light Scout Car
Construct Platoon Command Post
Royal Engineer Section
Humber Armored Car
Grenade Package
CMP 15cwt Truck
Selects Light Vehicle Withdraw and Refit
Selects UNKNOWN (202330)
6-pounder Anti-tank Gun Team
6-pounder Anti-tank Gun Team
Construct Company Command Post
Crusader AA Medium Tank
abre.smb
Kys-tier rat
IcyStars
Trustsearcher
GelbeBanane
Valdai
Sailor
0
0
Comments
sign in to comment!
No comments posted yet!